Workbook
Name AccountNames: #REF!
Name ExpenditureAllocations: #REF!
Name IncomeAllocations: #REF!
Name StartPeriodBalance: #REF!

Sheet Summary
B1: Monthly Finance Current Totals
B3: In the bank | F3: Monthly
B4: Reserve | C4: ='I & E 26 to 27'!C11-'I & E 26 to 27'!C10 -> 41800 | F4: Receipts this month | G4: ='Monthly Reconcilitation'!B5 -> 19202.27
B5: ='I & E 26 to 27'!A10 -> CIL Balance | C5: ='I & E 26 to 27'!C10 -> 46412.55 | F5: Payments this month | G5: ='Monthly Reconcilitation'!E4 -> 7550.07
B6: ='I & E 26 to 27'!A13 -> Cash available (unreserved) | C6: ='I & E 26 to 27'!C13 -> 44194.29
F7: ='I & E 26 to 27'!A113 -> Burial Ground Breakdown
B8: Forecast to 31st March | F8: ='I & E 26 to 27'!A114 -> Income | G8: ='I & E 26 to 27'!C114 -> 12795
B9: =Forecast!B12 -> Committed spend - CIL | C9: =Forecast!C12 -> 11914.8 | F9: ='I & E 26 to 27'!A115 -> Spend - excluding Salary | G9: ='I & E 26 to 27'!C115 -> 745.96
B10: =Forecast!B13 -> Committed spend - Other | C10: =Forecast!C13 -> 19703.94 | F10: ='I & E 26 to 27'!A116 -> Spend - Salary | G10: ='I & E 26 to 27'!C116 -> 1341.0942
B11: =Forecast!B14 -> Training, maintenance, litterpick budget | C11: =Forecast!C14 -> 2625 | F11: Spend - Projects | G11: ='I & E 26 to 27'!C117 -> 9572.72
B12: =Forecast!B15 -> Forecast income | C12: =Forecast!C15 -> 1664.01 | F12: ='I & E 26 to 27'!A118 -> Total | G12: ='I & E 26 to 27'!C118 -> 1135.2258
B13: =Forecast!B19 -> If we go ahead with Tranquil Woods purchase and initial setup | C13: =Forecast!C19 -> 38800
B14: =Forecast!B20 -> Total CIL leftover | C14: =Forecast!C20 -> 0 | F14: Future Projects Wishlist | G14: =Forecast!G27 -> 47650
B15: =Forecast!B21 -> Total cash leftover | C15: =Forecast!C21 -> 19227.11

Sheet I & E 26 to 27
A2: Bank Balance B/F 31/03/2026 | B2: 126258.96
A3: Current Bank Balance | B3: ='Monthly Reconcilitation'!B14 -> 132406.84
C4: 2026/2027
A5: Reserve | C5: Actual | D5: Budget
A6: Ring Fenced Elections & Deposits | C6: 2800 | D6: 15000
A7: Ring Fenced Legal & Professional Costs | C7: 2000 | D7: 5000
A8: Ring Fenced IT / Defibrillators | C8: 1000 | D8: 2000
A9: Reserve (9months x avg monthly spend) e.g. if Locum needed | C9: 36000
A10: CIL Balance | C10: ='CIL Report'!I8 -> 46412.55 | D10: 56853.17
A11: Total Ring fenced | C11: =SUM(C6:C10) -> 88212.55 | D11: 78853.17
A13: Cash available (unreserved) | C13: =B3-C11 -> 44194.29 | D13: =B2-D11 -> 47405.79
A15: RECEIPTS | C15: 2026/2027 | F15: 2025/2026 | H15: Comments
B16: Code | C16: Actual | D16: Budget | E16: YTD % | F16: Actual
A17: Allotment Income | B17: INC001 | C17: 280.54 | D17: 260 | E17: =IF(IFERROR(C17/D17,0)=0,0,C17/D17) -> 1.079 | F17: 210 | H17: =IF(I17=0,"","Over budget by") -> Over budget by | I17: =IF(IF((ISERROR(D17-C17<0))=TRUE,0,-(D17-C17))<0,0,IF((ISERROR(D17-C17<0))=TRUE,0,-(D17-C17))) -> 20.54
A18: Bank Interest | B18: INC002 | C18: 246.55 | D18: 500 | E18: =IF(IFERROR(C18/D18,0)=0,0,C18/D18) -> 0.4931 | F18: 680.35 | H18: =IF(I18=0,"","Over budget by") | I18: =IF(IF((ISERROR(D18-C18<0))=TRUE,0,-(D18-C18))<0,0,IF((ISERROR(D18-C18<0))=TRUE,0,-(D18-C18))) -> 0
A19: Burial ground Income | B19: INC003 | C19: 12795 | D19: 15000 | E19: =IF(IFERROR(C19/D19,0)=0,0,C19/D19) -> 0.853 | F19: 21680 | H19: =IF(I19=0,"","Over budget by") | I19: =IF(IF((ISERROR(D19-C19<0))=TRUE,0,-(D19-C19))<0,0,IF((ISERROR(D19-C19<0))=TRUE,0,-(D19-C19))) -> 0
A20: CIL Payments | B20: INC004 | C20: 0 | D20: 0 | E20: =IF(IFERROR(C20/D20,0)=0,0,C20/D20) -> 0 | F20: 0 | H20: =IF(I20=0,"","Over budget by") | I20: =IF(IF((ISERROR(D20-C20<0))=TRUE,0,-(D20-C20))<0,0,IF((ISERROR(D20-C20<0))=TRUE,0,-(D20-C20))) -> 0
A21: Concurrent Service Payment | B21: INC005 | C21: 2429 | D21: 2429 | E21: =IF(IFERROR(C21/D21,0)=0,0,C21/D21) -> 1 | F21: 2429 | H21: =IF(I21=0,"","Over budget by") | I21: =IF(IF((ISERROR(D21-C21<0))=TRUE,0,-(D21-C21))<0,0,IF((ISERROR(D21-C21<0))=TRUE,0,-(D21-C21))) -> 0
A22: CT Support Scheme Payment | B22: INC006 | C22: 676 | D22: 676 | E22: =IF(IFERROR(C22/D22,0)=0,0,C22/D22) -> 1 | F22: 676 | H22: =IF(I22=0,"","Over budget by") | I22: =IF(IF((ISERROR(D22-C22<0))=TRUE,0,-(D22-C22))<0,0,IF((ISERROR(D22-C22<0))=TRUE,0,-(D22-C22))) -> 0
A23: Other Receipts | B23: INC007 | C23: 0 | D23: 0 | E23: =IF(IFERROR(C23/D23,0)=0,0,C23/D23) -> 0 | F23: 90 | H23: =IF(I23=0,"","Over budget by") | I23: =IF(IF((ISERROR(D23-C23<0))=TRUE,0,-(D23-C23))<0,0,IF((ISERROR(D23-C23<0))=TRUE,0,-(D23-C23))) -> 0
A24: Precept | B24: INC008 | C24: 29448.694 | D24: 29448.69 | E24: =IF(IFERROR(C24/D24,0)=0,0,C24/D24) -> 1.0000001 | F24: 22652.84 | H24: =IF(I24=0,"","Over budget by") -> Over budget by | I24: =IF(IF((ISERROR(D24-C24<0))=TRUE,0,-(D24-C24))<0,0,IF((ISERROR(D24-C24<0))=TRUE,0,-(D24-C24))) -> 0.004
A25: VAT Reclaim | B25: INC009 | C25: 2117.02 | D25: 4000 | E25: =IF(IFERROR(C25/D25,0)=0,0,C25/D25) -> 0.529255 | F25: 4590.92 | H25: =IF(I25=0,"","Over budget by") | I25: =IF(IF((ISERROR(D25-C25<0))=TRUE,0,-(D25-C25))<0,0,IF((ISERROR(D25-C25<0))=TRUE,0,-(D25-C25))) -> 0
A26: Total excluding Precept | C26: =SUM(C17:C25)-C24 -> 18544.11 | D26: 22865 | E26: =IF(IFERROR(C26/D26,0)=0,0,C26/D26) -> 0.81102602 | F26: 30356.27 | H26: =IF(I26=0,"","Over budget by") | I26: =IF(IF((ISERROR(D26-C26<0))=TRUE,0,-(D26-C26))<0,0,IF((ISERROR(D26-C26<0))=TRUE,0,-(D26-C26))) -> 0
A27: Total Receipts | C27: =SUM(C17:C25) -> 47992.804 | D27: 52313.69 | E27: =IF(IFERROR(C27/D27,0)=0,0,C27/D27) -> 0.9174043 | F27: 53009.11 | H27: =IF(I27=0,"","Over budget by") | I27: =IF(IF((ISERROR(D27-C27<0))=TRUE,0,-(D27-C27))<0,0,IF((ISERROR(D27-C27<0))=TRUE,0,-(D27-C27))) -> 0
H28: =IF(I28=0,"","Over budget by")
A29: PAYMENTS | H29: =IF(I29=0,"","Over budget by")
A30: Clerk Running Costs | H30: =IF(I30=0,"","Over budget by")
A31: Clerks Salary | B31: CL000 | C31: REDACTED | D31: 22156.68 | E31: =IF(IFERROR(C31/D31,0)=0,0,C31/D31) -> 0 | F31: 14221.06 | H31: =IF(I31=0,"","Over budget by") | I31: =IF(IF((ISERROR(D31-C31<0))=TRUE,0,-(D31-C31))<0,0,IF((ISERROR(D31-C31<0))=TRUE,0,-(D31-C31))) -> 0
A32: Employee's Tax | B32: CL014 | C32: REDACTED | D32: 0 | E32: =IF(IFERROR(C32/D32,0)=0,0,C32/D32) -> 0 | F32: 2859.2
A33: Employee's NI | B33: CL001 | C33: REDACTED | D33: 0 | E33: =IF(IFERROR(C33/D33,0)=0,0,C33/D33) -> 0 | F33: 269.53 | K33: `
A34: Employers NI | B34: CL002 | C34: REDACTED | D34: 2573.5 | E34: =IF(IFERROR(C34/D34,0)=0,0,C34/D34) -> 0 | F34: 1700.86 | H34: =IF(I34=0,"","Over budget by") | I34: =IF(IF((ISERROR(D34-C34<0))=TRUE,0,-(D34-C34))<0,0,IF((ISERROR(D34-C34<0))=TRUE,0,-(D34-C34))) -> 0
A35: Pension Employer | B35: PL001 | C35: REDACTED | D35: 350 | E35: =IF(IFERROR(C35/D35,0)=0,0,C35/D35) -> 0 | F35: 309.79 | H35: =IF(I35=0,"","Over budget by") | I35: =IF(IF((ISERROR(D35-C35<0))=TRUE,0,-(D35-C35))<0,0,IF((ISERROR(D35-C35<0))=TRUE,0,-(D35-C35))) -> 0
A36: Pension Employee | B36: PL002 | C36: REDACTED | D36: 0 | E36: =IF(IFERROR(C36/D36,0)=0,0,C36/D36) -> 0 | F36: 390.38
A37: Total Clerk Running Costs | C37: 16093.13 | D37: 25080.18 | E37: =IF(IFERROR(C37/D37,0)=0,0,C37/D37) -> 0.64166724 | F37: 19750.82 | H37: =IF(I37=0,"","Over budget by") | I37: =IF(IF((ISERROR(D37-C37<0))=TRUE,0,-(D37-C37))<0,0,IF((ISERROR(D37-C37<0))=TRUE,0,-(D37-C37))) -> 0
A39: General Council Running Costs
A40: Clerk Mileage | B40: CL007 | C40: 258.12 | D40: 1200 | E40: =IF(IFERROR(C40/D40,0)=0,0,C40/D40) -> 0.2151 | F40: 1194.3 | H40: =IF(I40=0,"","Over budget by") | I40: =IF(IF((ISERROR(D40-C40<0))=TRUE,0,-(D40-C40))<0,0,IF((ISERROR(D40-C40<0))=TRUE,0,-(D40-C40))) -> 0
A41: Payroll admin expenses (external supplier) | B41: CL011 | C41: 287 | D41: 200 | E41: =IF(IFERROR(C41/D41,0)=0,0,C41/D41) -> 1.435 | F41: 211 | H41: =IF(I41=0,"","Over budget by") -> Over budget by | I41: =IF(IF((ISERROR(D41-C41<0))=TRUE,0,-(D41-C41))<0,0,IF((ISERROR(D41-C41<0))=TRUE,0,-(D41-C41))) -> 87
A42: Office Expenses - Stationery | B42: CL009 | C42: 62.78 | D42: 200 | E42: =IF(IFERROR(C42/D42,0)=0,0,C42/D42) -> 0.3139 | F42: 163.24 | H42: =IF(I42=0,"","Over budget by") | I42: =IF(IF((ISERROR(D42-C42<0))=TRUE,0,-(D42-C42))<0,0,IF((ISERROR(D42-C42<0))=TRUE,0,-(D42-C42))) -> 0
A43: Office Expenses - Postage | B43: CL008 | C43: 0 | D43: 10 | E43: =IF(IFERROR(C43/D43,0)=0,0,C43/D43) -> 0 | F43: 6.8 | H43: =IF(I43=0,"","Over budget by") | I43: =IF(IF((ISERROR(D43-C43<0))=TRUE,0,-(D43-C43))<0,0,IF((ISERROR(D43-C43<0))=TRUE,0,-(D43-C43))) -> 0
A44: Office Expenses - webhosting & email | B44: CL012 | C44: 0 | D44: 0 | E44: =IF(IFERROR(C44/D44,0)=0,0,C44/D44) -> 0 | F44: 131.57 | H44: =IF(I44=0,"","Over budget by") | I44: =IF(IF((ISERROR(D44-C44<0))=TRUE,0,-(D44-C44))<0,0,IF((ISERROR(D44-C44<0))=TRUE,0,-(D44-C44))) -> 0
A45: Clerk Mobile | B45: CL006 | C45: 40.02 | D45: 150 | E45: =IF(IFERROR(C45/D45,0)=0,0,C45/D45) -> 0.2668 | F45: 79.36 | H45: =IF(I45=0,"","Over budget by") | I45: =IF(IF((ISERROR(D45-C45<0))=TRUE,0,-(D45-C45))<0,0,IF((ISERROR(D45-C45<0))=TRUE,0,-(D45-C45))) -> 0
A46: Office Expenses - Software | B46: WE003 | C46: 0 | D46: 0 | E46: =IF(IFERROR(C46/D46,0)=0,0,C46/D46) -> 0 | F46: 35 | H46: =IF(I46=0,"","Over budget by") | I46: =IF(IF((ISERROR(D46-C46<0))=TRUE,0,-(D46-C46))<0,0,IF((ISERROR(D46-C46<0))=TRUE,0,-(D46-C46))) -> 0
A47: Office Expenses - IT Suppport (PC & Website) | B47: WE004 | C47: 542.28 | D47: 1000 | E47: =IF(IFERROR(C47/D47,0)=0,0,C47/D47) -> 0.54228 | F47: 408.14 | H47: =IF(I47=0,"","Over budget by") | I47: =IF(IF((ISERROR(D47-C47<0))=TRUE,0,-(D47-C47))<0,0,IF((ISERROR(D47-C47<0))=TRUE,0,-(D47-C47))) -> 0
A48: Training | B48: CL003 | C48: 245 | D48: 500 | E48: =IF(IFERROR(C48/D48,0)=0,0,C48/D48) -> 0.49 | F48: 255 | H48: =IF(I48=0,"","Over budget by") | I48: =IF(IF((ISERROR(D48-C48<0))=TRUE,0,-(D48-C48))<0,0,IF((ISERROR(D48-C48<0))=TRUE,0,-(D48-C48))) -> 0
A49: Audit | B49: CL004 | C49: 527.7 | D49: 750 | E49: =IF(IFERROR(C49/D49,0)=0,0,C49/D49) -> 0.7036 | F49: 724 | H49: =IF(I49=0,"","Over budget by") | I49: =IF(IF((ISERROR(D49-C49<0))=TRUE,0,-(D49-C49))<0,0,IF((ISERROR(D49-C49<0))=TRUE,0,-(D49-C49))) -> 0
A50: Bank Charges | B50: BA002 | C50: 14 | D50: 150 | E50: =IF(IFERROR(C50/D50,0)=0,0,C50/D50) -> 0.093333333 | F50: 44 | H50: =IF(I50=0,"","Over budget by") | I50: =IF(IF((ISERROR(D50-C50<0))=TRUE,0,-(D50-C50))<0,0,IF((ISERROR(D50-C50<0))=TRUE,0,-(D50-C50))) -> 0
A51: Room Hire & Expenses | B51: CL005 | C51: 308 | D51: 600 | E51: =IF(IFERROR(C51/D51,0)=0,0,C51/D51) -> 0.51333333 | F51: 502.5 | H51: =IF(I51=0,"","Over budget by") | I51: =IF(IF((ISERROR(D51-C51<0))=TRUE,0,-(D51-C51))<0,0,IF((ISERROR(D51-C51<0))=TRUE,0,-(D51-C51))) -> 0
A52: Insurance | B52: BA001 | C52: 445.61 | D52: 500 | E52: =IF(IFERROR(C52/D52,0)=0,0,C52/D52) -> 0.89122 | F52: 333.09 | H52: =IF(I52=0,"","Over budget by") | I52: =IF(IF((ISERROR(D52-C52<0))=TRUE,0,-(D52-C52))<0,0,IF((ISERROR(D52-C52<0))=TRUE,0,-(D52-C52))) -> 0
A53: Total Council Running Costs Payments | C53: =SUM(C40:C52) -> 2730.51 | D53: 5260 | E53: =IF(IFERROR(C53/D53,0)=0,0,C53/D53) -> 0.51910837 | F53: 4088 | H53: =IF(I53=0,"","Over budget by") | I53: =IF(IF((ISERROR(D53-C53<0))=TRUE,0,-(D53-C53))<0,0,IF((ISERROR(D53-C53<0))=TRUE,0,-(D53-C53))) -> 0
A55: Revenue Expenditure
A56: Burial Ground & Allotments
A57: Grass | B57: BG001 | C57: 739 | D57: 3370 | E57: =IF(IFERROR(C57/D57,0)=0,0,C57/D57) -> 0.21928783 | F57: 2956 | H57: =IF(I57=0,"","Over budget by") | I57: =IF(IF((ISERROR(D57-C57<0))=TRUE,0,-(D57-C57))<0,0,IF((ISERROR(D57-C57<0))=TRUE,0,-(D57-C57))) -> 0
A58: Pruning | B58: BG002 | C58: 0 | D58: 400 | E58: =IF(IFERROR(C58/D58,0)=0,0,C58/D58) -> 0 | F58: 400 | H58: =IF(I58=0,"","Over budget by") | I58: =IF(IF((ISERROR(D58-C58<0))=TRUE,0,-(D58-C58))<0,0,IF((ISERROR(D58-C58<0))=TRUE,0,-(D58-C58))) -> 0
A59: Fencing / Boundaries | B59: BG005 | C59: 0 | D59: 400 | E59: =IF(IFERROR(C59/D59,0)=0,0,C59/D59) -> 0 | F59: 400 | H59: =IF(I59=0,"","Over budget by") | I59: =IF(IF((ISERROR(D59-C59<0))=TRUE,0,-(D59-C59))<0,0,IF((ISERROR(D59-C59<0))=TRUE,0,-(D59-C59))) -> 0
A60: Annual Path Clearing & Weedkilling | B60: BG004 | C60: 0 | D60: 300 | E60: =IF(IFERROR(C60/D60,0)=0,0,C60/D60) -> 0 | F60: 300 | H60: =IF(I60=0,"","Over budget by") | I60: =IF(IF((ISERROR(D60-C60<0))=TRUE,0,-(D60-C60))<0,0,IF((ISERROR(D60-C60<0))=TRUE,0,-(D60-C60))) -> 0
A61: General Maint | B61: BG003 | C61: 6.96 | D61: 1500 | E61: =IF(IFERROR(C61/D61,0)=0,0,C61/D61) -> 0.00464 | F61: 163.75 | H61: =IF(I61=0,"","Over budget by") | I61: =IF(IF((ISERROR(D61-C61<0))=TRUE,0,-(D61-C61))<0,0,IF((ISERROR(D61-C61<0))=TRUE,0,-(D61-C61))) -> 0
A62: Total Burial Ground & Allotments Payments | C62: =SUM(C57:C61) -> 745.96 | D62: 5970 | E62: =IF(IFERROR(C62/D62,0)=0,0,C62/D62) -> 0.12495142 | F62: 4219.75 | H62: =IF(I62=0,"","Over budget by") | I62: =IF(IF((ISERROR(D62-C62<0))=TRUE,0,-(D62-C62))<0,0,IF((ISERROR(D62-C62<0))=TRUE,0,-(D62-C62))) -> 0
H63: =IF(I63=0,"","Over budget by") | I63: =IF(IF((ISERROR(D63-C63<0))=TRUE,0,-(D63-C63))<0,0,IF((ISERROR(D63-C63<0))=TRUE,0,-(D63-C63))) -> 0
A64: Parish Amenities | H64: =IF(I64=0,"","Over budget by") | I64: =IF(IF((ISERROR(D64-C64<0))=TRUE,0,-(D64-C64))<0,0,IF((ISERROR(D64-C64<0))=TRUE,0,-(D64-C64))) -> 0
A65: Goulburn Green Grass | B65: GG001 | C65: 2829.75 | D65: 3050 | E65: =IF(IFERROR(C65/D65,0)=0,0,C65/D65) -> 0.92778689 | F65: 2754 | H65: =IF(I65=0,"","Over budget by") | I65: =IF(IF((ISERROR(D65-C65<0))=TRUE,0,-(D65-C65))<0,0,IF((ISERROR(D65-C65<0))=TRUE,0,-(D65-C65))) -> 0
A66: Goulburn Green Water | B66: GG002 | C66: 19.86 | D66: 50 | E66: =IF(IFERROR(C66/D66,0)=0,0,C66/D66) -> 0.3972 | F66: 39.38 | H66: =IF(I66=0,"","Over budget by") | I66: =IF(IF((ISERROR(D66-C66<0))=TRUE,0,-(D66-C66))<0,0,IF((ISERROR(D66-C66<0))=TRUE,0,-(D66-C66))) -> 0
A67: Pruning & Maint (Hedgerows/other) | B67: MA001 | C67: 0 | D67: 300 | E67: =IF(IFERROR(C67/D67,0)=0,0,C67/D67) -> 0 | F67: 137.63 | H67: =IF(I67=0,"","Over budget by") | I67: =IF(IF((ISERROR(D67-C67<0))=TRUE,0,-(D67-C67))<0,0,IF((ISERROR(D67-C67<0))=TRUE,0,-(D67-C67))) -> 0
A68: Footpath & Adhoc Maint | B68: MA002 | C68: 429.54 | D68: 1500 | E68: =IF(IFERROR(C68/D68,0)=0,0,C68/D68) -> 0.28636 | F68: 1074.6 | H68: =IF(I68=0,"","Over budget by") | I68: =IF(IF((ISERROR(D68-C68<0))=TRUE,0,-(D68-C68))<0,0,IF((ISERROR(D68-C68<0))=TRUE,0,-(D68-C68))) -> 0
A69: Defib Maint | B69: MA005 | C69: 0 | D69: 150 | E69: =IF(IFERROR(C69/D69,0)=0,0,C69/D69) -> 0 | F69: 135 | H69: =IF(I69=0,"","Over budget by") | I69: =IF(IF((ISERROR(D69-C69<0))=TRUE,0,-(D69-C69))<0,0,IF((ISERROR(D69-C69<0))=TRUE,0,-(D69-C69))) -> 0
A70: Village Store / Bus Shelter / Planting Maint | B70: MA007 | C70: 0 | D70: 350 | E70: =IF(IFERROR(C70/D70,0)=0,0,C70/D70) -> 0 | F70: 180 | H70: =IF(I70=0,"","Over budget by") | I70: =IF(IF((ISERROR(D70-C70<0))=TRUE,0,-(D70-C70))<0,0,IF((ISERROR(D70-C70<0))=TRUE,0,-(D70-C70))) -> 0
A71: Tree Replacement | B71: MA006 | C71: 0 | E71: =IF(IFERROR(C71/D71,0)=0,0,C71/D71) -> 0 | H71: =IF(I71=0,"","Over budget by") | I71: =IF(IF((ISERROR(D71-C71<0))=TRUE,0,-(D71-C71))<0,0,IF((ISERROR(D71-C71<0))=TRUE,0,-(D71-C71))) -> 0
A72: Play Area Checks | B72: GG003 | C72: 0 | D72: 500 | E72: =IF(IFERROR(C72/D72,0)=0,0,C72/D72) -> 0 | F72: 180 | H72: =IF(I72=0,"","Over budget by") | I72: =IF(IF((ISERROR(D72-C72<0))=TRUE,0,-(D72-C72))<0,0,IF((ISERROR(D72-C72<0))=TRUE,0,-(D72-C72))) -> 0
A73: Total Parish Amenities Payments | C73: =SUM(C65:C72) -> 3279.15 | D73: 5900 | E73: =IF(IFERROR(C73/D73,0)=0,0,C73/D73) -> 0.55578814 | F73: 4500.61 | H73: =IF(I73=0,"","Over budget by") | I73: =IF(IF((ISERROR(D73-C73<0))=TRUE,0,-(D73-C73))<0,0,IF((ISERROR(D73-C73<0))=TRUE,0,-(D73-C73))) -> 0
A75: Discretionary
A76: Subscriptions General | B76: CL010 | C76: 157 | D76: 235 | E76: =IF(IFERROR(C76/D76,0)=0,0,C76/D76) -> 0.66808511 | F76: 192 | H76: =IF(I76=0,"","Over budget by") | I76: =IF(IF((ISERROR(D76-C76<0))=TRUE,0,-(D76-C76))<0,0,IF((ISERROR(D76-C76<0))=TRUE,0,-(D76-C76))) -> 0
A77: SALC & NALC | B77: CL013 | C77: 438.6 | D77: 438.61 | E77: =IF(IFERROR(C77/D77,0)=0,0,C77/D77) -> 0.9999772 | F77: 412.38 | H77: =IF(I77=0,"","Over budget by") | I77: =IF(IF((ISERROR(D77-C77<0))=TRUE,0,-(D77-C77))<0,0,IF((ISERROR(D77-C77<0))=TRUE,0,-(D77-C77))) -> 0
A78: Grit Provision | B78: MA004 | C78: 0 | E78: =IF(IFERROR(C78/D78,0)=0,0,C78/D78) -> 0 | F78: 0 | H78: =IF(I78=0,"","Over budget by") | I78: =IF(IF((ISERROR(D78-C78<0))=TRUE,0,-(D78-C78))<0,0,IF((ISERROR(D78-C78<0))=TRUE,0,-(D78-C78))) -> 0
A79: Grant Awards | B79: OT15 | C79: 4500 | D79: 5000 | E79: =IF(IFERROR(C79/D79,0)=0,0,C79/D79) -> 0.9 | F79: 5000 | H79: =IF(I79=0,"","Over budget by") | I79: =IF(IF((ISERROR(D79-C79<0))=TRUE,0,-(D79-C79))<0,0,IF((ISERROR(D79-C79<0))=TRUE,0,-(D79-C79))) -> 0
A80: Document Archiving | B80: OT21 | C80: 146.82 | E80: =IF(IFERROR(C80/D80,0)=0,0,C80/D80) -> 0 | F80: 0 | H80: =IF(I80=0,"","Over budget by") -> Over budget by | I80: =IF(IF((ISERROR(D80-C80<0))=TRUE,0,-(D80-C80))<0,0,IF((ISERROR(D80-C80<0))=TRUE,0,-(D80-C80))) -> 146.82
A81: Speed Survey | B81: OT003 | C81: 0 | E81: =IF(IFERROR(C81/D81,0)=0,0,C81/D81) -> 0 | F81: 0 | H81: =IF(I81=0,"","Over budget by") | I81: =IF(IF((ISERROR(D81-C81<0))=TRUE,0,-(D81-C81))<0,0,IF((ISERROR(D81-C81<0))=TRUE,0,-(D81-C81))) -> 0
A82: Litter Pick Support | B82: OT003 | C82: 0 | D82: 150 | E82: =IF(IFERROR(C82/D82,0)=0,0,C82/D82) -> 0 | F82: 87.5 | H82: =IF(I82=0,"","Over budget by") | I82: =IF(IF((ISERROR(D82-C82<0))=TRUE,0,-(D82-C82))<0,0,IF((ISERROR(D82-C82<0))=TRUE,0,-(D82-C82))) -> 0
A83: Community Events | B83: CO001 | C83: 25 | D83: 500 | E83: =IF(IFERROR(C83/D83,0)=0,0,C83/D83) -> 0.05 | F83: 61 | H83: =IF(I83=0,"","Over budget by") | I83: =IF(IF((ISERROR(D83-C83<0))=TRUE,0,-(D83-C83))<0,0,IF((ISERROR(D83-C83<0))=TRUE,0,-(D83-C83))) -> 0
A84: Local support (s137) | B84: S137 | C84: 0 | D84: 200 | E84: =IF(IFERROR(C84/D84,0)=0,0,C84/D84) -> 0 | F84: 0 | H84: =IF(I84=0,"","Over budget by") | I84: =IF(IF((ISERROR(D84-C84<0))=TRUE,0,-(D84-C84))<0,0,IF((ISERROR(D84-C84<0))=TRUE,0,-(D84-C84))) -> 0
A85: Additional Training BG, Clerk, Playground | B85: AD250 | C85: 160 | D85: 450 | E85: =IF(IFERROR(C85/D85,0)=0,0,C85/D85) -> 0.35555556 | F85: 1231.5 | H85: =IF(I85=0,"","Over budget by") | I85: =IF(IF((ISERROR(D85-C85<0))=TRUE,0,-(D85-C85))<0,0,IF((ISERROR(D85-C85<0))=TRUE,0,-(D85-C85))) -> 0
A86: Website Upgrade | B86: OT004 | C86: 0 | E86: =IF(IFERROR(C86/D86,0)=0,0,C86/D86) -> 0 | H86: =IF(I86=0,"","Over budget by") | I86: =IF(IF((ISERROR(D86-C86<0))=TRUE,0,-(D86-C86))<0,0,IF((ISERROR(D86-C86<0))=TRUE,0,-(D86-C86))) -> 0
A87: Total Discretionary Payments | C87: =SUM(C76:C86) -> 5427.42 | D87: 6973.61 | E87: =IF(IFERROR(C87/D87,0)=0,0,C87/D87) -> 0.77827983 | F87: 6984.38 | H87: =IF(I87=0,"","Over budget by") | I87: =IF(IF((ISERROR(D87-C87<0))=TRUE,0,-(D87-C87))<0,0,IF((ISERROR(D87-C87<0))=TRUE,0,-(D87-C87))) -> 0
A89: Projects
A90: Facilities Improvements | B90: OT005 | C90: 171.51 | D90: 3000 | E90: =IF(IFERROR(C90/D90,0)=0,0,C90/D90) -> 0.05717 | F90: 0 | H90: =IF(I90=0,"","Over budget by") | I90: =IF(IF((ISERROR(D90-C90<0))=TRUE,0,-(D90-C90))<0,0,IF((ISERROR(D90-C90<0))=TRUE,0,-(D90-C90))) -> 0
A91: Burial Ground Expansion (Non-CIL) | B91: AD251 | C91: 627.61 | D91: 5000 | E91: =IF(IFERROR(C91/D91,0)=0,0,C91/D91) -> 0.125522 | F91: 0 | H91: =IF(I91=0,"","Over budget by") | I91: =IF(IF((ISERROR(D91-C91<0))=TRUE,0,-(D91-C91))<0,0,IF((ISERROR(D91-C91<0))=TRUE,0,-(D91-C91))) -> 0
A92: Total Projects Payments | C92: =SUM(C90:C91) -> 799.12 | D92: 8000 | E92: =IF(IFERROR(C92/D92,0)=0,0,C92/D92) -> 0.09989 | F92: 0 | H92: =IF(I92=0,"","Over budget by") | I92: =IF(IF((ISERROR(D92-C92<0))=TRUE,0,-(D92-C92))<0,0,IF((ISERROR(D92-C92<0))=TRUE,0,-(D92-C92))) -> 0
A94: CIL
A95: Defibrillator Hamilton Room | B95: AD255 | C95: 0 | D95: 1500 | E95: =IF(IFERROR(C95/D95,0)=0,0,C95/D95) -> 0 | F95: 0 | H95: =IF(I95=0,"","Over budget by") | I95: =IF(IF((ISERROR(D95-C95<0))=TRUE,0,-(D95-C95))<0,0,IF((ISERROR(D95-C95<0))=TRUE,0,-(D95-C95))) -> 0
A96: Traffic Calming | B96: AD252 | C96: 0 | D96: 3000 | E96: =IF(IFERROR(C96/D96,0)=0,0,C96/D96) -> 0 | F96: 0 | H96: =IF(I96=0,"","Over budget by") | I96: =IF(IF((ISERROR(D96-C96<0))=TRUE,0,-(D96-C96))<0,0,IF((ISERROR(D96-C96<0))=TRUE,0,-(D96-C96))) -> 0
A97: Burial Ground Expansion (CIL) | B97: AD256 | C97: 3028 | D97: 3000 | E97: =IF(IFERROR(C97/D97,0)=0,0,C97/D97) -> 1.0093333 | F97: 0 | H97: =IF(I97=0,"","Over budget by") -> Over budget by | I97: =IF(IF((ISERROR(D97-C97<0))=TRUE,0,-(D97-C97))<0,0,IF((ISERROR(D97-C97<0))=TRUE,0,-(D97-C97))) -> 28
A98: Scanner (Burial Ground Paperless) | B98: AD257 | C98: 0 | D98: 350 | E98: =IF(IFERROR(C98/D98,0)=0,0,C98/D98) -> 0 | F98: 0 | H98: =IF(I98=0,"","Over budget by") | I98: =IF(IF((ISERROR(D98-C98<0))=TRUE,0,-(D98-C98))<0,0,IF((ISERROR(D98-C98<0))=TRUE,0,-(D98-C98))) -> 0
A99: Tranquil Wood | B99: TW001 | C99: 1355 | E99: =IF(IFERROR(C99/D99,0)=0,0,C99/D99) -> 0 | H99: =IF(I99=0,"","Over budget by") -> Over budget by | I99: =IF(IF((ISERROR(D99-C99<0))=TRUE,0,-(D99-C99))<0,0,IF((ISERROR(D99-C99<0))=TRUE,0,-(D99-C99))) -> 1355
A100: CIL Infrastructure Project | B100: AD258 | C100: =7100.6-1355 -> 5745.6 | D100: 30300 | E100: =IF(IFERROR(C100/D100,0)=0,0,C100/D100) -> 0.18962376 | F100: 0 | H100: =IF(I100=0,"","Over budget by") | I100: =IF(IF((ISERROR(D100-C100<0))=TRUE,0,-(D100-C100))<0,0,IF((ISERROR(D100-C100<0))=TRUE,0,-(D100-C100))) -> 0
A101: Total CIL Payments | C101: =SUM(C95:C100) -> 10128.6 | D101: 38150 | E101: =IF(IFERROR(C101/D101,0)=0,0,C101/D101) -> 0.2654941 | F101: 0 | H101: =IF(I101=0,"","Over budget by") | I101: =IF(IF((ISERROR(D101-C101<0))=TRUE,0,-(D101-C101))<0,0,IF((ISERROR(D101-C101<0))=TRUE,0,-(D101-C101))) -> 0
A104: VAT | C104: =C25 -> 2117.02 | D104: 2000 | E104: =IF(IFERROR(C104/D104,0)=0,0,C104/D104) -> 1.05851 | F104: 4463.06 | H104: =IF(I104=0,"","Over budget by") -> Over budget by | I104: =IF(IF((ISERROR(D104-C104<0))=TRUE,0,-(D104-C104))<0,0,IF((ISERROR(D104-C104<0))=TRUE,0,-(D104-C104))) -> 117.02
A105: Total Receipts to date | C105: =C27 -> 47992.804 | D105: =D27 -> 52313.69 | E105: =IF(IFERROR(C105/D105,0)=0,0,C105/D105) -> 0.9174043 | F105: =F27 -> 53009.11 | H105: =IF(I105=0,"","Over budget by") | I105: =IF(IF((ISERROR(D105-C105<0))=TRUE,0,-(D105-C105))<0,0,IF((ISERROR(D105-C105<0))=TRUE,0,-(D105-C105))) -> 0
A106: Total Payments inc CIL | C106: =C101+C92+C87+C73+C62+C53+C37 -> 39203.89 | D106: 97333.79 | E106: =IF(IFERROR(C106/D106,0)=0,0,C106/D106) -> 0.4027778 | F106: 44006.62 | H106: =IF(I106=0,"","Over budget by") | I106: =IF(IF((ISERROR(D106-C106<0))=TRUE,0,-(D106-C106))<0,0,IF((ISERROR(D106-C106<0))=TRUE,0,-(D106-C106))) -> 0
A107: Total Payments Less Clerk Salary | C107: =C106-C37 -> 23110.76 | D107: 72253.61 | E107: =IF(IFERROR(C107/D107,0)=0,0,C107/D107) -> 0.31985613 | F107: 24255.8 | H107: =IF(I107=0,"","Over budget by") | I107: =IF(IF((ISERROR(D107-C107<0))=TRUE,0,-(D107-C107))<0,0,IF((ISERROR(D107-C107<0))=TRUE,0,-(D107-C107))) -> 0
A108: Receipts Less Payments | C108: =C27-C106 -> 8788.914 | D108: -45020.1 | E108: =IF(IFERROR(C108/D108,0)=0,0,C108/D108) -> -0.195222 | F108: 9002.49
A109: Payments excluding CIL | C109: =C37+C53+C62+C73+C87+C92 -> 29075.29
A110: Receipts less Payments excluding CIL | C110: =C27-C109 -> 18917.514
...

Sheet CIL Report
A1: CIL Report
E2: Pot | F2: CIL TOTAL | G2: Expiry Date | I2: Spend to date | J2: Left to Spend
B3: MUST SPEND POT A BY 30/3/27 | E3: A | F3: 45749.26 | G3: 46477 | I3: =SUM(D12:D39) -> 35922.74 | J3: =F3-I3 -> 9826.52
B4: MUST SPEND POT B BY 30/3/27 | E4: B | F4: 15594.86 | G4: 46477 | I4: 0 | J4: =F4-I4 -> 15594.86
E5: C | F5: 16450.71 | G5: 47080 | I5: 0 | J5: =F5-I5 -> 16450.71
E6: D | F6: 4540.46 | G6: 47261 | I6: 0 | J6: =F6-I6 -> 4540.46
E7: TOTAL | F7: =SUM(F3:F6) -> 82335.29
E8: TOTAL LEFT TO SPEND | I8: =SUM(J3:J6) -> 46412.55
E9: TOTAL TO SPEND BY 30/3/27 | I9: =J3+J4 -> 25421.38
A11: Pot | B11: Item | C11: Date | D11: Amount (ex VAT) | E11: Status
A12: CIL Pot A | B12: Kissing Gate for Snowerhill | C12: 44603 | D12: 407.88 | E12: Paid
A13: CIL Pot A | B13: Defibrillator for Post Office | C13: 44876 | D13: 1174.99 | E13: Paid
A14: CIL Pot A | B14: Village Gateways | C14: 44971 | D14: 4123.5 | E14: Paid
A15: CIL Pot A | B15: Gate on GG | C15: 45335 | D15: 1368 | E15: Paid
A16: CIL Pot A | B16: Playground Provision DEPOSIT | C16: 45448 | D16: 4103.87 | E16: Paid
A17: CIL Pot A | B17: Playground Provision | C17: 45510 | D17: 2573.88 | E17: Paid
A18: CIL Pot A | B18: Gate Church Path | C18: 45565 | D18: 1740 | E18: Paid
A19: CIL Pot A | B19: Village Planters | C19: 45629 | D19: 320 | E19: Paid
A20: CIL Pot A | B20: Church Farm Footpath | C20: 45734 | D20: 4245 | E20: Paid
A21: CIL Pot A | B21: Church Farm Footpath | C21: 45736 | D21: 825 | E21: Paid
A22: CIL Pot A | B22: GG Benches play area | C22: 45632 | D22: 250 | E22: Paid
A23: CIL Pot A | B23: Resurfacing Church Farm Path | C23: 46112 | D23: 4350 | E23: Paid
... A36: CIL Pot A | B36: Tranquil Wood COT, Survey & Report | C36: 46280 | D36: 1355 | E36: Paid
A37: CIL Pot A | B37: BG natural screen by new fence | E37: Pending
A38: CIL Pot A | B38: Fencing around Burial Ground | E38: Pending
A39: CIL Pot A | B39: Fencing around Allotments | E39: Pending

Sheet VAT Claim
A1: VAT Reclaim
A2: VAT for the period 01/04/2026 - 31/08/2026 Claimed on 11/09/2026 | F2: 2117.02
D4: 1/9/26-30/9/26 | E4: Pending claim | F4: 524.01

Sheet Monthly Reconcilitation
A1: MONTHLY RECONCILIATIONS
A2: September
B3: £ | E3: £
A4: Balance B/F | B4: 120754.64 | D4: Payments | E4: 7550.07
A5: Income | B5: 19202.27 | D5: Bank balance from Accounts | E5: 132406.84
A8: Total | B8: 139956.91 | D8: Total | E8: 139956.91
A10: Balance as at 30th Sep | D10: Total Accounts | E10: 132406.84
A11: HSBC Current Account | B11: 20652.36
A12: HSBC Reserve Account | B12: 62791.83 | D12: Difference | E12: 0
A13: Unity Account | B13: 48962.65
B14: 132406.84
D17: Total not presented | E17: 0
D18: Accounts Total | E18: 132406.84
D19: Balance C/F | E19: 132406.84

Sheet Forecast
B2: 1. Current Balance | F2: 3. Future Projects
B3: The balance of Council funds is | C3: ='Monthly Reconcilitation'!B14 -> 132406.84 | F3: Project | G3: Estimate (£ ex VAT) | H3: Comment
B4: Keeping reserve of | C4: ='I & E 26 to 27'!C9+'I & E 26 to 27'!C8+'I & E 26 to 27'!C7+'I & E 26 to 27'!C6 -> 41800 | F4: Tranquil Woods – Annual maintenance | G4: 4000
B5: Funds for CIL spend | C5: ='CIL Report'!I8 -> 46412.55 | F5: Tranquil Woods – year 1 | G5: 25000
B6: Funds for unreserved spend. | C6: =C3-C4-C5 -> 44194.29 | F6: TOTAL Woodland | G6: =SUM(G4:G5) -> 29000
F8: Village Plan - consultancy | G8: 6000 | H8: Nice to have
B9: 2. Forecast March 27 position | F9: Burial Ground parking space | G9: 8000 | H9: Nice to have
F10: Allotment fencing (BG side) | G10: 2000 | H10: Nice to have
B11: Item | C11: Total (ex VAT) | F11: Defib at the Hamilton room | G11: 3500 | H11: Nice to have
B12: Committed spend - CIL | C12: ='Forecast Calcs'!D9 -> 11914.8 | F12: School railings | G12: 5000 | H12: Nice to have
B13: Committed spend - Other | C13: ='Forecast Calcs'!D10 -> 19703.94 | F13: Flooding signs, depth marker posts and sensor bollard | G13: 10000 | H13: Might be grant funded
B14: Training, maintenance, litterpick budget | C14: ='Forecast Calcs'!D11 -> 2625 | F14: Track resurfacing by Burial Ground | G14: 1000 | H14: Must have
B15: Forecast income | C15: ='Forecast Calcs'!D12 -> 1664.01 | F15: Arrow sign for the Burial Ground to help visitors find it | G15: 100 | H15: Nice to have
B16: Total CIL leftover | C16: =C5-C12 -> 34497.75 | F16: Tarmac coffin path patch updates | G16: 2000 | H16: Nice to have
B17: Total cash leftover | C17: =C6-C13-C14+C15 -> 23529.36 | F17: Village weather station? | G17: 240 | H17: Nice to have
F18: Replace old rope fence in burial ground | G18: 400 | H18: Must have
B19: If we go ahead with Tranquil Woods purchase and initial setup | C19: ='Forecast Calcs'!D16 -> 38800 | F19: storage shed? | G19: 310 | H19: Nice to have
B20: Total CIL leftover | C20: 0 | F20: gravel boards on new fence at BG | G20: 200 | H20: Nice to have
B21: Total cash leftover | C21: =C17-(C19-C16) -> 19227.11 | F21: Tree work on big oak as per tree survey plan | G21: 300 | H21: Must have
F22: Consecrate Burial Ground hamilton strip | G22: 500 | H22: Must have
B23: If we don’t go ahead with Tranquil Woods purchase and initial setup | C23: ='Forecast Calcs'!D20 -> 1355 | F23: Fix bollards on Pebblehill Road? | G23: 100 | H23: Nice to have
B24: Total CIL leftover | C24: =C16 -> 34497.75 | F24: Wheelchair friendly path through Burial Ground? | G24: 8000 | H24: Nice to have
B25: Total cash leftover | C25: =C17-C23 -> 22174.36 | F25: Poppies 40cm (H) x 36cm (W) £8 each https://www.poppyshop.org.uk/products/large-event-poppy | G25: =8*10 -> 80 | H25: Nice to have
F26: Skooter Park | H26: Nice to have
F27: TOTAL excluding Woodland | G27: =SUM(G8:G24) -> 47650

Sheet Timesheet
B2: Katie | R2: Hannah
B3: Sum of Hours Worked | C3: Project Code | R3: Sum of Hours Worked | S3: Project Code
B4: Date_Month | C4: admin | D4: Admn | E4: Allot | F4: BG1 | G4: Checks | H4: Finance | I4: flood | J4: GG | K4: Holiday | L4: Plan | M4: Train | N4: website | O4: Wood | P4: Grand Total | R4: Date_Month | S4: Admin | T4: Admin/Finance | U4: Defib | V4: Defib/signs | W4: Finance | X4: Finance/Defib | Y4: Holiday | Z4: Grand Total
B5: Apr | F5: 42.25 | G5: 1 | J5: 1 | M5: 3 | O5: 5 | P5: 52.25 | R5: Jul | S5: 2.5 | U5: 1 | W5: 4 | X5: 2.5 | Y5: 8.2 | Z5: 18.2
B6: May | C6: 0.5 | E6: 7 | F6: 28.5 | G6: 1 | J6: 2 | P6: 39 | R6: Aug | S6: 1 | W6: 13 | Y6: 6 | Z6: 20
B7: Jun | C7: 68.75 | F7: 19 | G7: 1 | J7: 0.75 | O7: 2.5 | P7: 92 | R7: Sep | S7: 5 | T7: 0.5 | V7: 1.5 | W7: 9.5 | Z7: 16.5
B8: Jul | C8: 70.5 | D8: 2 | F8: 8.5 | H8: 19 | I8: 0.5 | J8: 4 | L8: 6 | M8: 2 | N8: 1 | O8: 9.75 | P8: 123.25 | R8: Oct | S8: 3 | Z8: 3
B9: Aug | C9: 109 | F9: 3.5 | K9: 15 | P9: 127.5 | R9: Grand Total | S9: 11.5 | T9: 0.5 | U9: 1 | V9: 1.5 | W9: 26.5 | X9: 2.5 | Y9: 14.2 | Z9: 57.7
B10: Sep | C10: 127.5 | E10: 3.5 | F10: 10 | P10: 141
B11: Oct | C11: 23 | F11: 1.5 | P11: 24.5
B12: Grand Total | C12: 399.25 | D12: 2 | E12: 10.5 | F12: 113.25 | G12: 3 | H12: 19 | I12: 0.5 | J12: 7.75 | K12: 15 | L12: 6 | M12: 5 | N12: 1 | O12: 17.25 | P12: 599.5

Sheet Forecast Calcs
C1: Bank position for GO and NOGO decision on the Woods | G1: WOODLAND - Spend Forecast
C3: bank balance as at 30 Sept | D3: 132406.84 | G3: Phase | H3: Item | I3: Total exVAT £ | J3: Status
C4: reserve | D4: 41800 | G4: Already spent | H4: COTS tree survey | I4: 1355 | J4: paid
C5: CIL | D5: 46412.55
C6: open spend | D6: 44194.29
G7: Phase | H7: Item | I7: Total exVAT £ | J7: Status
G8: Purchase | H8: Purchase land | I8: REDACTED | J8: Price agreed with seller
C9: Committed spend - CIL | D9: 11914.8 | G9: Purchase | H9: Seller fees | I9: REDACTED | J9: Estimate provided by seller
C10: Committed spend - Other | D10: 19703.94 | G10: Purchase | H10: Council solicitor fees | I10: REDACTED | J10: Estimate provided by approved solicitor
C11: Training, maintenance, litterpick budget | D11: 2625 | G11: Purchase | H11: Valuation | I11: REDACTED | J11: Quote approved by Council
C12: Forecast income | D12: 1664.01 | G12: Purchase | H12: Contingency on solicitor fees | I12: REDACTED
C13: Total CIL leftover | D13: 34497.75 | H13: TOTAL | I13: =SUM(I8:I12) -> 0
C14: Total cash leftover | D14: 23529.36
G15: Phase | H15: Item | I15: Total exVAT £ | J15: Status
C16: If we go ahead with Tranquil Woods purchase and initial setup | D16: 38800 | G16: Initial Setup | H16: Initial tree works to de-risk trees along road and public footpath | I16: 10000 | J16: Quotes being received
C17: Total CIL leftover | D17: 0 | G17: Initial Setup | H17: Felling licence | I17: 0 | J17: No charge
C18: Total cash leftover | D18: 19227.11 | G18: Initial Setup | H18: Fencing – wire mesh to supplement repair of existing fence along with installation of dry hedging by volunteers & gate | I18: 300 | J18: Estimate
G19: Initial Setup | H19: Signs | I19: 300 | J19: Estimate
C20: If we don’t go ahead with Tranquil Woods purchase and initial setup | D20: 1355 | G20: Initial Setup | H20: Fence off broken railings where stream meets Old Road | I20: 100 | J20: estimate
C21: Total CIL leftover | D21: 35852.75 | H21: TOTAL | I21: =SUM(I16:I20) -> 10700
C22: Total cash leftover | D22: 22174.36
G23: Phase year 1 | H23: Item | I23: Total exVAT £ | J23: Status
G24: year 1 | H24: tree survey of internal path & forest school | I24: 500 | J24: Estimate
G25: year 1 | H25: tree works to de-risk trees along internal path / forest school | I25: 10000 | J25: Estimate
G26: year 1 | H26: make internal path | I26: 0 | J26: Estimate
G27: year 1 | H27: bamboo | I27: 2000 | J27: Estimate
G28: year 1 | H28: Signs | I28: 300 | J28: Estimate
G29: year 1 | H29: Ecology Survey | I29: 3000 | J29: Quote approved by Council
G30: year 1 | H30: Digital Mapping and Path Mapping (Map the property’s boundaries, access points, hazards, features, sensitivities and notable trees to support well-reasoned management decisions.) | I30: 50 | J30: Volunteer activity?
G31: year 1 | H31: Remove metal sheet piling and broken excavator | I31: 1000 | J31: Estimate
G32: year 1 | H32: railings where stream meets Old Road | I32: 1000 | J32: Estimate
G33: year 1 | H33: metal gate entrance by car park | I33: 2000 | J33: Estimate
G34: year 1 | H34: install water monitoring device | I34: 3620 | J34: Estimate
H35: TOTAL | I35: =SUM(I24:I34) -> 23470
G37: Phase year 2 | H37: Item | I37: Total exVAT £ | J37: Status

Sheet Outgoing
A1: Forecast Outgoing Calculations
B2: Area | C2: Item | D2: When | E2: Total exVAT £ | F2: Status | H2: Committed Spend TOTAL
H3: Committed spend (CIL): | I3: 11914.8
A4: CIL | B4: Allotment | C4: Fencing - Josh Flynn | D4: October | E4: REDACTED | F4: quote approved at Council | H4: Other committed spend: | I4: 19703.94
A5: CIL | B5: Burial Ground | C5: Fencing - Farm Fencing | D5: September | E5: REDACTED | F5: invoiced | H5: Training, maintenance, litterpick budget, village plan | I5: 2625
A6: CIL | B6: Burial Ground | C6: Shrub planting– Hope Nursery | D6: October | E6: REDACTED | F6: quote approved at Council
A7: CIL | B7: Footpath | C7: Poo signs | D7: Autumn | E7: REDACTED | F7: invoiced
C11: Item | E11: Total £ (ex vat) | F11: Status
A12: general | C12: Unity bank fees (£7 a month) | E12: =7*6 -> 42
A13: general | C13: Staff Training | E13: 445 | F13: Playground inspection course & Cllr course
A14: general | C14: Clerk Salary | E14: REDACTED
A15: general | C15: HMRC - employer | E15: 0 | F15: Based on HMRC calculator | G15: https://www.tax.service.gov.uk/guidance/paye-tax-calculator
A16: general | C16: NI - employer | E16: REDACTED | F16: Based on HMRC calculator | G16: https://www.tax.service.gov.uk/guidance/work-out-employer-employee-national-insurance-contributions/
A17: general | C17: Pension - employer (3%) | E17: REDACTED | F17: Based on HMRC calculator
A18: general | C18: Clerk Mobile | E18: =8*6 -> 48 | F18: Scheduled per month
A19: general | C19: Audit | E19: =333 -> 333 | F19: £81 per hour plus travel
A20: general | C20: Room hire | E20: =25*7 -> 175 | F20: Scheduled £25 per month
A21: general | C21: Grounds Maintenance | E21: =713.75*2 -> 1427.5
A22: general | C22: Clear Burial Ground spoil heap | E22: 325 | F22: Estimate
A23: general | C23: Adhoc Maintenance | E23: 1000 | F23: Estimate
A24: general | C24: Playground Check | E24: 80 | F24: Based on quote. Not needed if course attended.
A25: general | C25: Climate event | E25: =61+50 -> 111 | F25: Hall plus drinks
A26: general | C26: Community events | E26: 100 | F26: Estimate e.g. litter pick bbq, climate refreshment
A27: general | C27: Tree Plaque | E27: REDACTED | F27: Based on quote
A28: general | C28: Village Plan - survey | E28: REDACTED
A29: general | C29: Poppies | E29: 80
C30: TOTAL | E30: 22328.94

Sheet Income
B1: Forecast income 1Oct to 31 Mar
B3: Item | C3: Total £
B4: Bank Interest (£50 a month) | C4: =50*6 -> 300
B5: VAT Reclaim | C5: ='VAT Claim'!F4 -> 524.01
B6: Burial Ground (known income) | C6: =420+420 -> 840
B7: Allotment
B8: TOTAL | C8: =SUM(C4:C7) -> 1664.01
